 Dungeon Crawl Stone Soup version 0.31.0-11-ge490571c62 (webtiles) character file.

Game seed: 17693204080690340337

32 hikkokomori the Vexing (level 3, -2/27 HPs)
             Began as a Formicid Wanderer on Feb 3, 2024.
             Slain by a ribbon worm (6 damage)
             ... on level 1 of the Dungeon.
             The game lasted 00:02:14 (779 turns).

hikkokomori the Vexing (Formicid Wanderer)           Turns: 779, Time: 00:02:15

Health: -2/27      AC:  4    Str: 17    XL:     3   Next: 42%
Magic:  5/5        EV: 10    Int: 19    God:
Gold:   58         SH:  4    Dex: 12    Spells: 1/5 levels left

rFire   . . .        a - +0 falchion
rCold   . . .        l - +0 buckler
rNeg    . . .        e - +0 leather armour
rPois   .            (helmet unavailable)
rElec   .            k - +0 cloak
rCorr   .            (no gloves)
SInv    +            (no boots)
Will    .....        (no amulet)
Stlth   +            j - +6 ring of intelligence
HPRegen 0.24/turn    (no ring)
MPRegen 0.09/turn

%: no passive effects
@: no status effects
A: permanent stasis, dig shafts and tunnels, antennae 3, four strong arms
a: Dig, Shaft Self


You were on level 1 of the Dungeon.
You visited 1 branch of the dungeon, and saw 2 of its levels.

You collected 58 gold pieces.

Inventory:

Hand Weapons
 a - a +0 falchion (weapon)
 c - a +0 dagger
Missiles
 b - 12 poisoned darts (quivered)
 i - a throwing net
Armour
 e - a +0 leather armour (worn)
 k - a +0 cloak (worn)
 l - a +0 buckler (worn)
Jewellery
 j - a +6 ring of intelligence (left hand)
Scrolls
 f - a scroll of immolation {unknown}
 g - a scroll of acquirement {unknown}
 h - a scroll of enchant armour {unknown}
 n - a scroll of amnesia {unknown}
Potions
 d - a potion of heal wounds
 m - 2 potions of haste {unknown}


   Skills:
 + Level 1.8 Fighting
 - Level 1.0 Long Blades
 - Level 2.3 Throwing
 + Level 0.4 Stealth
 + Level 0.1 Shields
 + Level 1.8 Spellcasting
 + Level 0.3 Conjurations
 - Level 6.2 Hexes


You had one spell level left.
You knew the following spells:

 Your Spells              Type           Power      Damage    Failure   Level
a - Slow                  Hex            100%       N/A       2%          1
b - Dazzling Flash        Conj/Hex       28%        N/A       22%         3

Your spell library contained the following spells:

 Spells                   Type           Power      Damage    Failure   Level
 Mercury Vapours          Alch/Air       2%         N/A       38%         2
 Dimensional Bullseye     Hex/Tloc       6%         N/A       61%         4
 Mephitic Cloud           Conj/Alch/Air  2%         N/A       63%         3
 Silence                  Hex/Air        6%         N/A       91%         5
 Passage of Golubria      Tloc           1%         N/A       95%         4
 Freezing Cloud           Conj/Ice/Air   1%         6-21      100%        5
 Malign Gateway           Summ/Tloc      0%         N/A       100%        7
 Lehudib's Crystal Spear  Conj/Erth      1%         10d2      100%        8
 Summon Horrible Things   Summ           0%         N/A       100%        8


Dungeon Overview and Level Annotations

Branches:
Dungeon (2/15)

Altars:


Innate Abilities, Weirdness & Mutations

You cannot be hasted, slowed, berserked, paralysed or teleported.
You can dig through walls and to a lower floor.
You have a pair of large antennae on your head. (SInv)
Your four strong arms can wield two-handed weapons with a shield.


Message History

You are too injured to fight recklessly!
You are too injured to fight recklessly!
You are too injured to fight recklessly!
You are too injured to fight recklessly!
You are too injured to fight recklessly!
You are too injured to fight recklessly!
You are too injured to fight recklessly!
Unknown command.
The endoplasm attacks as it pursues you!
You block the endoplasm's attack.
The kobold hits you with a +0 short sword.
* * * LOW HITPOINT WARNING * * *
There is a stone staircase leading up here.
Unknown command.
Unknown command.
Unknown command.
The kobold completely misses you.
The ribbon worm bites you but does no damage.
The goblin closely misses you.
You climb upwards.
There is a stone staircase leading down here.
Unknown command.
The ribbon worm attacks as it pursues you!
The ribbon worm bites you.
* * * LOW HITPOINT WARNING * * *
Throw: 13 darts (poison)
Press: ? - help, Shift-Dir - straight line, f - ribbon worm
Aim: a ribbon worm (75% to hit)
You throw a poisoned dart. The poisoned dart hits the ribbon worm.
The ribbon worm is poisoned.
The ribbon worm expels a string of sticky webbing.
The stream of webbing hits you but does no damage.
You are caught in a web!
Unknown command.
Unknown command.
The web tears apart.
The ribbon worm closely misses you.
Unknown command.
You hit the ribbon worm but do no damage.
The ribbon worm bites you.
You die...

#.# #.#####.# #.#
#.##....## #.#
#(##.#...#############
#.###.##.#...............#
.........#...###########.#
##.##.####.[.....)....##.#
..............#######.##.#
##.##.###.....#.....#.##.#
....#.# #.......@...#.##.#
##..#.###.....###w###.##.#
................{g>....#.#
##..#.###.#.######.#####.#
....#.# #.#.#..†....÷....#
''#.#.###.#.#.####.#######
..'.#.....#.#.# #.#
..'.#.#####)#.####.#
.##...#.....)......#


You could see a ribbon worm (poisoned, catching breath) and a goblin.

Vanquished Creatures
  2 dart slugs (D:1)
  An endoplasm (D:1)
  2 giant cockroaches (D:1)
  3 goblins (D:1)
  3 hobgoblins (D:1)
  A quokka (D:1)
  2 ball pythons
  4 bats (D:1)
  3 frilled lizards (D:1)
  3 kobolds
  2 rats (D:1)
26 creatures vanquished.

Notes
Turn   | Place    | Note
-------+----------+-------------------------------------------
     0 | D:1      | hikkokomori the Formicid Wanderer began the quest for the
                  | Orb.
     0 | D:1      | hikkokomori set off with the following items: a +0
                  | falchion, 13 poisoned darts, a +0 dagger, a potion of heal
                  | wounds, a +0 leather armour; and the following spell
                  | memorised: Slow; and the following spells available to
                  | memorise: Dazzling Flash, Dimensional Bullseye.
     0 | D:1      | Reached XP level 1. HP: 15/15 MP: 2/2
   108 | D:1      | Reached XP level 2. HP: 20/21 MP: 4/4
   197 | D:1      | Found a faded altar of an unknown god.
   302 | D:1      | Reached XP level 3. HP: 27/27 MP: 5/5
   322 | D:1      | Learned a level 3 spell: Dazzling Flash
   779 | D:1      | Slain by a ribbon worm

Illustrated notes

Levels and vault maps discovered:
D:1:      hellmonk_arrival_library, layout_basic,
          hellmonk_ecumenical_altar_heavens_door
D:2:      layout_basic, minmay_pentomino_x4

Action                     || total
---------------------------++-------
  Melee: Falchion          ||    76
  Throw: Dart              ||     1
   Stab: Sleeping          ||     1
 Armour: Leather armour    ||    60
  Dodge: Dodged            ||    40
  Block: Buckler           ||     7
